 Dungeon Crawl Stone Soup version 0.32-a0-540-g866d13106e (webtiles) character file.

Game seed: 12175714346277352763

3087 sleeves the Covert (level 9, -4/50 HPs)
             Began as an Octopode Shapeshifter on Feb 28, 2024.
             Was an Elder of Hepliaklqana.
             Slain by a two-headed ogre
             ... wielding a +0 giant club
              (25 damage)
             ... on level 8 of the Dungeon.
             The game lasted 00:11:58 (6738 turns).

sleeves the Covert (Octopode Shapeshifter)          Turns: 6738, Time: 00:11:59

Health: -4/50      AC:  1    Str: 20    XL:     9   Next: 89%
Magic:  11/11      EV: 15    Int: 16    God:    Hepliaklqana [****..]
Gold:   509        SH:  0    Dex: 17    Spells: 8/8 levels left

rFire   . . .        j - +0 short sword (speed)
rCold   . . .        (no shield)
rNeg    + . .        (helmet currently unavailable)
rPois   .            (no amulet)
rElec   .            e - +6 ring of strength
rCorr   .            h - ring of willpower
SInv    .            L - +6 ring of dexterity
Will    +....        H - ring of positive energy
Stlth   +++++++      (no ring)
HPRegen 0.28/turn    (no ring)
MPRegen 0.12/turn    (no ring)
                     (no ring)

%: no passive effects
@: beast-form
A: beast (slay +1), reduced essence, almost no armour, amphibious, 8 rings,
camouflage 1, gelatinous body 1, (nimble swimmer 1), tentacles
a: Begin Untransformation, Renounce Religion, Recall Ancestor, Ancestor
Identity, Transference, Idealise


You were on level 8 of the Dungeon.
You worshipped Hepliaklqana.
Hepliaklqana was greatly pleased with you.
You were a hulking beast.
You visited 1 branch of the dungeon, and saw 8 of its levels.

You collected 509 gold pieces.

Inventory:

Hand Weapons
 j - a +0 short sword of speed (weapon)
   (You took it off a kobold on level 1 of the Dungeon)
 C - a +0 dagger
   (You took it off a kobold on level 4 of the Dungeon)
Missiles
 I - 3 curare-tipped darts (quivered)
Armour
 F - a +0 hat of see invisible
   (You found it on level 5 of the Dungeon)
Jewellery
 e - a +6 ring of strength (left tentacle)
   (You found it on level 1 of the Dungeon)
 h - a ring of willpower (right tentacle)
   (You found it on level 1 of the Dungeon)
 H - a ring of positive energy (on tentacle)
   (You found it on level 6 of the Dungeon)
 J - a ring of ice
   (You found it on level 7 of the Dungeon)
 L - a +6 ring of dexterity (on tentacle)
   (You found it on level 4 of the Dungeon)
Talismans
 b - a beast talisman (active)
 c - a flux talisman
Wands
 r - a wand of paralysis (14)
   (You found it on level 3 of the Dungeon)
 z - a wand of flame (16)
   (You took it off a hobgoblin on level 4 of the Dungeon)
 B - a wand of warping (10)
   (You found it on level 4 of the Dungeon)
Scrolls
 d - 4 scrolls of identify {unknown}
 g - a scroll of silence {unknown}
 l - 4 scrolls of enchant weapon {unknown}
 q - 3 scrolls of vulnerability {unknown}
 s - 2 scrolls of revelation {unknown}
 u - a scroll of poison {unknown}
 w - a scroll of fear {unknown}
 x - a scroll of summoning {unknown}
 y - a scroll of enchant armour {unknown}
 A - 3 scrolls of immolation {unknown}
 D - 2 scrolls of teleportation {unknown}
 G - a scroll of amnesia {unknown}
 K - a scroll of blinking {unknown}
Potions
 a - 4 potions of lignification
 f - 7 potions of curing {unknown}
 i - a potion of degeneration {unknown}
 k - 4 potions of haste {unknown}
 m - 6 potions of enlightenment {unknown}
 n - a potion of invisibility {unknown}
 o - a potion of cancellation {unknown}
 p - 3 potions of mutation {unknown}
 t - 2 potions of brilliance {unknown}
 v - a potion of resistance {unknown}
 E - 2 potions of heal wounds {unknown}


   Skills:
 + Level 3.1 Fighting
 - Level 6.0 Short Blades
 + Level 4.2 Dodging
 + Level 14.4 Stealth
 - Level 3.0 Unarmed Combat
 + Level 3.1 Invocations
 - Level 3.0 Shapeshifting


You had 8 spell levels left.
You didn't know any spells.
Your spell library contained the following spells:

 Spells                   Type           Power      Damage    Failure   Level
 Apportation              Tloc           0%         N/A       26%         1
 Frozen Ramparts          Ice            0%         1d1       58%         3
 Fugue of the Fallen      Necr           0%         N/A       58%         3
 Hailstorm                Conj/Ice       0%         3d5       58%         3
 Inner Flame              Hex/Fire       0%         N/A       58%         3
 Ozocubu's Armour         Ice            0%         N/A       58%         3
 Summon Ice Beast         Ice/Summ       0%         N/A       58%         3
 Flame Wave               Conj/Fire      0%         2d4       94%         4
 Leda's Liquefaction      Alch/Erth      0%         N/A       94%         4
 Manifold Assault         Tloc           0%         N/A       94%         4
 Petrify                  Alch/Erth      0%         N/A       94%         4
 Sticky Flame             Fire/Alch      0%         2d4       94%         4
 Metabolic Englaciation   Hex/Ice        0%         N/A       100%        5
 Sculpt Simulacrum        Ice/Alch       0%         N/A       100%        6


Dungeon Overview and Level Annotations

Branches:
Dungeon (8/15)             Temple (0/1) D:6
   Lair: D:8-11

Altars:
Ashenzari
Cheibriados
Hepliaklqana
Uskayaw
Zin

Shops:
D:7 (

Annotations:
D:5 2 transporters, dogverified's ghost, novice DsSh


Innate Abilities, Weirdness & Mutations

You are a hulking beast.
Your limbs bulge with bestial killing power. (Slay +1)
Your life essence is reduced to manifest your ancestor. (-10% HP)
You cannot wear most types of armour.
You are amphibious.
You can wear up to eight rings at the same time.
Your skin changes colour to match your surroundings (Stealth+).
Your rubbery body absorbs attacks. (AC +1, EV +1)
((You are camouflaged when in or above water. (Stealth+)))
You have tentacles for arms and can constrict up to eight enemies at once.


Message History

The scorpion is severely wounded.
You constrict the scorpion.
You feel sick.
Luzuv hits the scorpion with a +0 quarterstaff!
The scorpion dies!
Your Stealth skill increases to level 9!
Found a scroll labelled WEURAB ZUAB.
You feel sick. The shadow imp closely misses you.
You see here a scorpion corpse.
You are too injured to fight recklessly!
You are too injured to fight recklessly!
You are too injured to fight recklessly!
You swap places.
You feel sick.
Luzuv hits the scorpion with a +0 quarterstaff!
You feel sick.
Luzuv barely misses the scorpion.
You feel sick.
The scorpion barely misses Luzuv.
Luzuv hits the scorpion with a +0 quarterstaff!
The scorpion dies!
You feel sick.
Luzuv gestures at the shadow imp while chanting.
The puff of frost hits the shadow imp.
The shadow imp resists.
The shadow imp grinds its teeth.
The shadow imp barely misses Luzuv.
You feel sick.
Luzuv points at the shadow imp and mumbles some strange words.
The puff of frost hits the shadow imp.
The shadow imp resists.
The shadow imp barely misses Luzuv.
You feel sick.
Luzuv barely misses the shadow imp.
The shadow imp closely misses Luzuv.
You feel sick.
You are no longer poisoned.
Luzuv hits the shadow imp with a +0 quarterstaff!!
The shadow imp dies!
r - a wand of paralysis (14) (gained 12 charges)
You see here a scorpion corpse.
E - a smoky clear potion
Found 5 stones.
l - 3 scrolls labelled WEURAB ZUAB (gained 1)
You swap places.
An adder comes into view.
The adder moves out of view.
An adder is nearby!
An adder is nearby!
An adder is nearby!
An adder is nearby!
Found 6 gold pieces.
The adder misses you.
You completely miss the adder. Your grab misses the adder. You hit the adder.
Your grab misses the adder. Your squeeze misses the adder.
The adder is lightly wounded.
The adder closely misses you.
You miss the adder. You grab the adder.
The adder is lightly wounded.
You constrict the adder. The adder bites you.
You barely miss the adder.
The adder is heavily wounded.
You constrict the adder.
Luzuv gestures at the adder while chanting.
The stone arrow hits the adder!
The adder dies!
No target in view!
You now have 319 gold pieces (gained 6).
F - a +0 hat of see invisible You swap places.
An orc wizard comes into view. It is wielding a +0 dagger.
An orc wizard is nearby!
An orc wizard is nearby!
A gnoll comes into view. It is wielding a +0 spear.
Luzuv points at the orc wizard and mumbles some strange words.
The puff of frost hits the orc wizard!
The orc wizard shouts!
The gnoll shouts!
You hear a shout! 2 gnolls, an orc and an ogre come into view.
The gnoll shouts!
The ogre shouts!
An orc comes into view. It is wielding a +0 morningstar.
An orc comes into view. It is wielding a +0 flail.
The orc wizard closely misses you.
The ogre moves out of view.
You barely miss the orc wizard.
The orc shouts! x2
You grab the orc wizard.
The orc wizard is heavily wounded.
You constrict the orc wizard.
You hit the orc wizard but do no damage.
The orc wizard is severely wounded.
You constrict the orc wizard. The orc wizard barely misses you.
A gnoll comes into view. It is wielding a +0 flail.
You hit the orc wizard but do no damage.
The orc wizard is almost dead.
You constrict the orc wizard.
You kill the orc wizard!
Luzuv points at the orc and mumbles some strange words.
The puff of frost hits the orc!
The orc dies!
You hit the orc. Your grab misses the orc.
The orc is almost dead.
The gnoll hits you from afar with a +0 spear!
The orc misses you.
You hit the orc.
You kill the orc!
The gnoll hits you from afar with a +0 spear.
You closely miss the orc. You grab the orc. You constrict the orc.
An ogre comes into view. It is wielding a +0 giant club.
The orc hits you with a +0 flail! The gnoll closely misses you.
You swap places.
You release your grip on the orc.
Luzuv hits the orc with a +0 quarterstaff.
The orc dies!
The gnoll attacks as it pursues you! The gnoll barely misses you.
Luzuv gestures at the gnoll while chanting.
The stone arrow hits the gnoll!!
The gnoll dies!
Luzuv hits the ogre with a +0 quarterstaff!
The ogre closely misses Luzuv.
Luzuv hits the ogre with a +0 quarterstaff.
The ogre hits Luzuv with a +0 giant club!!!
Luzuv is destroyed!
Aiming: Throw Flame
Press: ? - help, Shift-Dir - straight line, f - ogre
Aim: an ogre, wielding a +0 giant club (severely wounded, 85% to hit)
The puff of flame misses the ogre.
Aiming: Throw Flame
Press: ? - help, Shift-Dir - straight line, f/p - ogre
Aim: an ogre, wielding a +0 giant club (severely wounded, 85% to hit)
The puff of flame misses the ogre.
The puff of flame hits the gnoll!
The gnoll is severely wounded.
An ogre is nearby!
An ogre is nearby!
You see here a water moccasin skeleton.
You see here 9 stones.
Luzuv emerges from the mists of memory!
Luzuv hits the ogre with a +0 quarterstaff.
You see here an iguana skeleton.
The ogre misses Luzuv.
Luzuv hits the ogre with a +0 quarterstaff!
The ogre dies!
Your Stealth skill increases to level 10!
Luzuv hits the gnoll with a +0 quarterstaff.
The gnoll hits Luzuv with a +0 spear!
Luzuv hits the gnoll with a +0 quarterstaff!
The gnoll dies!
Luzuv casts a spell at the gnoll.
The puff of frost hits the gnoll!
The gnoll hits Luzuv with a +0 club.
Luzuv gestures at the gnoll while chanting.
The puff of frost hits the gnoll!
The gnoll dies!
Ancestor HP restored.
The killer bee buzzes angrily.
There is a stone staircase leading down here.
Found a sling.
You now have 328 gold pieces (gained 9).
You see here a +0 sling.
You now have 335 gold pieces (gained 7).
An iguana comes into view.
The iguana hisses angrily.
An iguana is nearby!
An iguana is nearby!
You hit the iguana. Your grab misses the iguana.
The iguana is lightly wounded.
You completely miss the iguana. You grab the iguana.
The iguana is lightly wounded.
You constrict the iguana. The iguana bites you.
You hit the iguana but do no damage. You squeeze the iguana.
The iguana is moderately wounded.
You constrict the iguana. You hit the iguana. You squeeze the iguana.
You kill the iguana!
No target in view!
Found a stone staircase leading down.
There is a stone staircase leading down here.
Partly explored, unvisited transporter.
Partly explored, unvisited transporter.
Partly explored, unvisited transporter.
You swap places.
There is a stone staircase leading down here.
You climb downwards.
There is a stone staircase leading up here.
You swap places.
Found 4 stones.
You now have 338 gold pieces (gained 3).
You swap places.
G - a scroll labelled SUAGOF MOODGH A sky beast comes into view.
Found a pair of boots.
A sky beast is nearby!
A sky beast is nearby!
A scorpion comes into view.
Found a spear.
Luzuv gestures at the sky beast while chanting.
The stone arrow hits the sky beast!
The sky beast hits you. The sky beast shocks you.
You barely miss the sky beast.
The sky beast is heavily wounded.
You closely miss the sky beast.
The sky beast is heavily wounded.
You hit the sky beast.
You squeeze the sky beast, but do no damage.
The sky beast is heavily wounded.
Luzuv gestures at the sky beast while chanting.
The stone arrow hits the sky beast.
The sky beast hits Luzuv but does no damage.
Luzuv hits the sky beast with a +0 quarterstaff!
The sky beast dies!
Your Stealth skill increases to level 11!
Luzuv casts a spell at the scorpion.
The puff of frost hits the scorpion!
The scorpion closely misses you.
Luzuv hits the scorpion with a +0 quarterstaff!!
The scorpion dies!
HP restored.
You now have 340 gold pieces (gained 2).
A bombardier beetle comes into view.
A bombardier beetle is nearby!
A bombardier beetle is nearby!
An adder comes into view.
Found 9 gold pieces.
The helpless bombardier beetle fails to defend itself.
You skewer the bombardier beetle like a kebab!!!
You kill the bombardier beetle!
The helpless adder fails to defend itself.
You stick the adder like a pincushion!!!
You kill the adder!
You now have 349 gold pieces (gained 9).
An orc comes into view. It is wielding a +0 flail.
The orc shouts!
An orc is nearby!
An orc is nearby!
Found 3 javelins.
An orc comes into view. It is wielding a +0 club.
An orc priest comes into view. It is wielding a +0 club.
Luzuv hits the orc with a +0 quarterstaff!
The orc dies!
Luzuv closely misses the orc.
Luzuv hits the orc with a +0 quarterstaff!
The orc dies!
The orc priest calls down the wrath of Beogh upon you.
You resist with some effort.
Found an escape hatch in the floor.
The orc priest hits Luzuv with a +0 club.
You see here a +0 club.
You swap places.
Luzuv casts a spell at the orc priest.
The stone arrow hits the orc priest.
The orc priest mumbles some strange prayers to Beogh against you.
Beogh smites you!
You are too injured to fight recklessly!
You are too injured to fight recklessly!
You are too injured to fight recklessly!
Luzuv gestures at the orc priest while chanting.
The stone arrow hits the orc priest!
The orc priest dies!
Things that are here:
a +0 club; an orc corpse
Found a stone staircase leading up.
Found a stone staircase leading down.
An orc comes into view. It is wielding a +0 morningstar.
An orc wizard comes into view. It is wielding a +0 dagger.
Luzuv points at the orc and mumbles some strange words.
The stone arrow hits the orc!
The orc dies!
An orc wizard comes into view. It is wielding a +0 dagger.
The orc wizard shouts! x2
The orc wizard mumbles some strange words.
The orc wizard flickers and vanishes!
Deactivating autopickup; reactivate with Ctrl-A.
Things that are here:
a +0 morningstar; a +0 scale mail; an orc corpse A steam dragon comes into view.
The orc wizard points at you and mumbles some strange words.
The puff of flame misses you.
The steam dragon hisses angrily.
Things that are here:
a +0 morningstar; a +0 scale mail; an orc corpse Something barely misses Luzuv.
Luzuv hits something with a +0 quarterstaff!
Something hits Luzuv.
Luzuv barely misses something.
Something hits Luzuv.
Luzuv hits something with a +0 quarterstaff.
Reactivating autopickup.
You feel a bit more experienced. The steam dragon breathes steam at you.
The ball of steam hits Luzuv!
Luzuv resists.
Found 4 boomerangs.
Luzuv is recalled.
An orc wizard is nearby!
The orc wizard casts a spell at you. You resist with almost no effort.
There is a stone staircase leading up here.
Okay, then.
Luzuv points at the steam dragon and mumbles some strange words.
The puff of frost hits the steam dragon.
The orc wizard hits you with a +0 dagger.
Luzuv hits the steam dragon with a +0 quarterstaff.
You climb upwards.
Level annotation: 2 transporters, dogverified's ghost, novice DsSh
There is a stone staircase leading down here.
Luzuv is recalled.
The orc wizard hits you with a +0 dagger.
You hit the orc wizard but do no damage.
You grab the orc wizard. You constrict the orc wizard.
The orc wizard casts a spell.
The orc wizard flickers and vanishes!
Deactivating autopickup; reactivate with Ctrl-A.
The gnoll misses you.
You closely miss the gnoll. You grab the gnoll. You squeeze the gnoll.
The gnoll is moderately wounded.
You constrict something. You constrict the gnoll. You hit the gnoll.
The gnoll is severely wounded.
You constrict something. You constrict the gnoll. You hit the gnoll.
You kill the gnoll!
You constrict something.
You hear some strange, mumbled words.
A magic dart appears from out of thin air!
The magic dart hits you.
Luzuv hits something with a +0 quarterstaff.
You release your grip on something.
Something hits you.
Luzuv hits something with a +0 quarterstaff!
Reactivating autopickup.
You feel a bit more experienced.
Your Stealth skill increases to level 12!
Luzuv points at the ogre and mumbles some strange words.
The stone arrow hits the ogre!
Luzuv points at the ogre and mumbles some strange words.
The stone arrow hits the ogre!
The ogre dies!
You see here an adder skeleton.
There is a stone staircase leading down, spattered with blood here.
You start resting.
HP restored.
There is a stone staircase leading down here.
You climb downwards.
There is a stone staircase leading up here.
You swap places.
You open the door.
Found a stone staircase leading down.
l - 4 scrolls labelled WEURAB ZUAB (gained 1)
Found an escape hatch in the ceiling.
Found 8 stones.
m - 6 grey potions (gained 1)
f - 6 murky sapphire potions (gained 1)
Found a stone staircase leading down.
There is a stone staircase leading down here.
Found 7 stones.
You see here 7 stones.
There is a stone staircase leading down here.
There is an open door here.
You swap places.
Found a spear.
H - a ring of positive energy
Found 8 stones.
A - 2 scrolls labelled SAYLLA VICUM (gained 1)
You swap places.
You now have 358 gold pieces (gained 9).
You open the door.
There is an open door here.
Found a stone staircase leading up.
Found 3 curare-tipped darts.
k - 4 blue potions (gained 2)
A shadow imp comes into view.
A shadow imp is nearby!
A shadow imp is nearby!
A shadow imp is nearby!
You can now swap creatures with your ancestor.
Found 3 boomerangs and a trident.
Luzuv points at the shadow imp and mumbles some strange words.
The puff of frost hits the shadow imp.
The shadow imp resists.
The shadow imp misses you.
You closely miss the shadow imp. You grab the shadow imp.
The shadow imp is lightly wounded.
You constrict the shadow imp. The shadow imp misses you.
You hit the shadow imp but do no damage.
The shadow imp is heavily wounded.
You constrict the shadow imp. You hit the shadow imp.
The shadow imp is almost dead.
You constrict the shadow imp.
You kill the shadow imp!
You swap places.
You see here 3 curare-tipped darts.
I - 3 curare-tipped darts You swap places.
There is an open door here.
You open the door.
Found a staircase to the Ecumenical Temple.
There is an open door here.
You open the door.
There is an open door here.
You open the door. You open the door.
There is an open door here.
You open the door.
There is an open door here.
You swap places.
You swap places.
You swap places.
You see here a +0 club.
Found a scale mail.
A steam dragon is nearby!
A steam dragon is nearby!
The steam dragon breathes steam at you.
The ball of steam hits Luzuv!
Luzuv resists.
The ball of steam misses you.
Luzuv gestures at the steam dragon while chanting.
The stone arrow misses the steam dragon.
Throw: 3 darts (curare)
Press: ? - help, Q - select action, (/) - cycle Shift-Dir - straight line, f - steam dragon
Aim: a steam dragon (ally target, 52% to hit)
You throw a curare-tipped dart.
The curare-tipped dart hits the steam dragon.
The steam dragon is poisoned.
The steam dragon struggles to breathe.
The steam dragon seems to slow down.
The steam dragon is moderately wounded.
Luzuv casts a spell at the steam dragon.
The puff of frost hits the steam dragon.
The steam dragon misses you. The steam dragon claws you.
You hit the steam dragon.
The steam dragon is heavily wounded.
Luzuv hits the steam dragon with a +0 quarterstaff!
You barely miss the steam dragon. Your squeeze misses the steam dragon.
The steam dragon is almost dead.
You kill the steam dragon!
The steam dragon scales are intact enough to wear.
You have reached level 9!
Your experience leads to an increase in your attributes!
Your base attributes are Str 14, Int 14, Dex 11.
Increase (S)trength, (I)ntelligence, or (D)exterity?
You feel clever. x2
Luzuv remembers more of their old skill.
Ancestor HP restored.
HP restored.
I - 3 curare-tipped darts (gained 1)
Things that are here:
+0 steam dragon scales; a steam dragon corpse Done exploring.
Done exploring.
Done exploring.
Done exploring.
There is a stone staircase leading down here.
You climb downwards.
There is a stone staircase leading up here.
Key pressed, stopping travel.
Found a stone staircase leading up.
Found a robe.
You now have 365 gold pieces (gained 7).
A scorpion comes into view.
Luzuv points at the scorpion and mumbles some strange words.
The puff of frost hits the scorpion.
The scorpion stings you.
You are poisoned.
The scorpion poisons you!
You hit the scorpion but do no damage. You grab the scorpion.
The scorpion is lightly wounded.
You constrict the scorpion.
You feel sick. The scorpion closely misses you.
Luzuv points at the scorpion and mumbles some strange words.
The stone arrow hits the scorpion!
You completely miss the scorpion.
You squeeze the scorpion, but do no damage.
The scorpion is severely wounded.
You constrict the scorpion.
You feel sick.
You hit the scorpion.
You kill the scorpion!
You feel sick.
Your Stealth skill increases to level 13!
No target in view!
You feel sick.
You feel sick.
You feel sick.
You feel sick.
You feel sick.
You feel sick.
You are no longer poisoned.
HP restored.
You now have 381 gold pieces (gained 16).
You now have 386 gold pieces (gained 5).
You swap places.
Found a stone staircase leading down.
Found a stone staircase leading down.
E - 2 smoky clear potions (gained 1)
There is a stone staircase leading down here.
An ice beast comes into view.
An ice beast is nearby!
The helpless ice beast fails to defend itself.
You stick the ice beast like a pincushion!!!
You kill the ice beast!
Found an escape hatch in the floor.
A - 3 scrolls labelled SAYLLA VICUM (gained 1)
Found a broken altar of Ashenzari.
You now have 398 gold pieces (gained 12).
An orc comes into view. It is wielding a +0 falchion.
You see here a scroll labelled NOEKYUMAYH.
An orc is nearby!
q - 2 scrolls labelled NOEKYUMAYH (gained 1)
You swap places.
You now have 413 gold pieces (gained 15).
You open the door.
Found a hand axe.
There is an open door here.
Okay, then.
There is an escape hatch in the floor here.
An orc and an orc priest come into view.
There are monsters nearby!
There are monsters nearby!
Found 10 gold pieces.
An orc wizard comes into view. It is wielding a +0 dagger of draining.
The orc wizard shouts!
The orc priest shouts!
The orc shouts!
You swap places.
The orc barely misses Luzuv.
Luzuv hits the orc with a +0 quarterstaff.
The orc wizard gestures wildly while chanting.
The orc wizard flickers and vanishes!
Deactivating autopickup; reactivate with Ctrl-A.
The orc closely misses Luzuv.
Luzuv points at the orc and mumbles some strange words.
The puff of frost hits the orc!
The orc dies!
Luzuv hits something with a +0 quarterstaff!!
Reactivating autopickup.
You feel a bit more experienced.
Luzuv is recalled.
Luzuv casts a spell at the orc priest.
The stone arrow hits the orc priest!!
The orc priest dies!
An orc comes into view. It is wielding a +0 flail.
Luzuv hits the orc with a +0 quarterstaff!
The orc dies!
Things that are here:
a +0 club; a +0 leather armour; an orc corpse Magic restored.
Things that are here:
a +0 dagger of draining; a +0 robe; an orc corpse
Found a stone staircase leading up.
q - 3 scrolls labelled NOEKYUMAYH (gained 1)
You now have 423 gold pieces (gained 10).
You now have 430 gold pieces (gained 7).
An orc comes into view. It is wielding a +0 whip.
An orc is nearby!
An orc comes into view.
It is wielding a +0 morningstar. 2 orcs come into view.
Found a murky sapphire potion.
The orc shouts! x2
An orc comes into view. It is wielding a +0 dagger.
The orc shouts!
You hear a shout! x3
An orc comes into view. It is wielding a +0 mace.
You hear a shout!
A gnoll comes into view. It is wielding a +0 spear.
You puncture the orc!
You kill the orc!
The orc hits you with a +0 morningstar.
You hit the orc. You grab the orc. You squeeze the orc.
You kill the orc!
Luzuv casts a spell at the orc.
The puff of frost hits the orc!
The orc dies!
Luzuv hits the orc with a +0 quarterstaff!
The orc dies!
A gnoll comes into view. It is wielding a +0 flail of draining.
Luzuv hits the orc with a +0 quarterstaff.
The orc hits Luzuv with a +0 dagger.
Luzuv hits the orc with a +0 quarterstaff!
The orc dies!
Luzuv casts a spell at the orc.
The puff of frost hits the gnoll!
There is a stone staircase leading up here.
The gnoll hits Luzuv with a +0 spear.
A gnoll comes into view. It is wielding a +0 whip.
Luzuv completely misses the gnoll.
The gnoll hits Luzuv with a +0 spear.
Luzuv points at the orc and mumbles some strange words.
The stone arrow hits the orc!!
The orc dies!
A gnoll and an orc come into view.
The gnoll hits Luzuv with a +0 spear.
Luzuv hits the gnoll with a +0 quarterstaff!
The gnoll dies!
You see here a +0 mace.
The gnoll misses you.
Luzuv barely misses the gnoll.
You hit the gnoll. You grab the gnoll.
The gnoll is lightly wounded.
You constrict the gnoll.
The gnoll hits you with a +0 flail of draining.
You feel drained.
The gnoll hits Luzuv with a +0 spear!
The orc completely misses Luzuv.
You hit the gnoll but do no damage.
You squeeze the gnoll, but do no damage.
The gnoll is moderately wounded.
You constrict the gnoll.
Luzuv hits the gnoll with a +0 quarterstaff!
You hit the gnoll but do no damage.
The gnoll is moderately wounded.
You constrict the gnoll.
The gnoll hits you with a +0 flail of draining.
You feel drained.
The orc barely misses Luzuv.
You hit the gnoll but do no damage. You grab the gnoll.
The gnoll is severely wounded.
You constrict the gnoll. x2
You hit the gnoll but do no damage.
The gnoll is severely wounded.
You constrict the gnoll.
You kill the gnoll!
You constrict the gnoll. The gnoll completely misses you.
The gnoll closely misses Luzuv.
You hit the gnoll.
You kill the gnoll!
Luzuv hits the orc with a +0 quarterstaff!
The orc dies!
The gnoll closely misses you.
Luzuv hits the gnoll with a +0 quarterstaff!!
The gnoll dies!
You see here a +0 whip.
No target in view!
No target in view!
Ancestor HP restored.
Things that are here:
a +0 flail of draining; a gnoll corpse
Things that are here:
a +0 spear; a gnoll corpse
Things that are here:
a +0 spear; a gnoll corpse
f - 7 murky sapphire potions (gained 1)
You pick up a book of Flames and begin reading...
You add the spells Inner Flame, Sticky Flame and Flame Wave to your library.
You open the door.
There is an open door here.
You swap places.
Key pressed, stopping explore.
An orc comes into view. It is wielding a +0 dagger.
An orc is nearby!
The helpless orc fails to defend itself.
You stick the orc like a pincushion!!!
You kill the orc!
No target in view!
Okay, then.
Things that are here:
a +0 dagger; a +0 ring mail; an orc corpse You swap places.
Things that are here:
a +0 dagger; a +0 ring mail; an orc corpse A hound comes into view.
A hound is nearby!
A hound is nearby!
A hound is nearby!
Okay, then.
The hound barks!
You hear a shout! x2
You hit the hound. You grab the hound. You squeeze the hound!
The hound is almost dead.
You constrict the hound.
You kill the hound!
No target in view!
No target in view!
An orc wizard comes into view. It is wielding a +0 dagger.
An orc wizard is nearby!
An orc wizard is nearby!
An orc wizard is nearby!
The orc wizard hits Luzuv but does no damage.
Luzuv hits the orc wizard with a +0 quarterstaff.
The orc wizard hits Luzuv but does no damage.
Luzuv gestures at the orc wizard while chanting.
The stone arrow misses the orc wizard.
The orc wizard hits Luzuv but does no damage.
Luzuv misses the orc wizard.
The orc wizard hits Luzuv with a +0 dagger.
Luzuv casts a spell at the orc wizard.
The stone arrow hits the orc wizard!
The orc wizard dies!
Your life force feels restored.
You don't know any spells.
Okay, then.
Okay, then.
An orc comes into view. It is wielding a +0 falchion.
Luzuv misses the orc.
An orc is nearby!
An orc is nearby!
An orc is nearby!
The orc misses Luzuv.
Luzuv hits the orc with a +0 quarterstaff!
The orc dies!
No target in view!
No target in view!
No target in view!
Found 6 stones.
An orc wizard opens the door.
An orc wizard is nearby!
An orc wizard is nearby!
An orc wizard is nearby!
The orc wizard barely misses Luzuv.
Luzuv points at the orc wizard and mumbles some strange words.
The stone arrow hits the orc wizard!
The orc wizard points at Luzuv and mumbles some strange words.
The puff of flame hits Luzuv.
Luzuv resists.
Luzuv hits the orc wizard with a +0 quarterstaff!
The orc wizard dies!
You swap places.
Found an escape hatch in the ceiling.
There is an open door, spattered with blood here.
Things that are here:
a +0 dagger; a +0 robe
Found Kenoixt's Antique Weapon Boutique.
Found a stone staircase leading down.
You enter the deep water.
There is an entrance to Kenoixt's Antique Weapon Boutique here.
There is a stone staircase leading down here.
You open the door.
Found 4 large rocks.
There is an open door here.
You see here 4 large rocks.
D - 2 scrolls labelled OTI GEIGUFAW (gained 1)
J - a ring of ice You swap places.
You open the door.
There is an open door here.
You enter the deep water.
You open the door.
There is an open door here.
You swap places.
There is an open door here.
You enter the deep water.
There is an open door here.
You now have 444 gold pieces (gained 14).
You swap places.
Key pressed, stopping explore.
There is an open door here.
You now have 460 gold pieces (gained 16).
The orc hits you with a +0 falchion.
You hit the orc. You grab the orc.
The orc is heavily wounded.
You constrict the orc.
You kill the orc!
No target in view!
a - 4 potions of lignification (gained 1)
You now have 476 gold pieces (gained 16).
You now have 487 gold pieces (gained 11).
You now have 496 gold pieces (gained 9).
Key pressed, stopping explore.
You see here a +0 robe.
Key pressed, stopping explore.
Done exploring.
Done exploring.
There is a stone staircase leading down here.
You climb downwards.
There is a stone staircase leading up here.
You swap places.
You swap places.
There is a stone staircase leading up here.
Found 3 stones.
You see here 3 stones.
A kobold brigand comes into view.
It is wielding a +0 dagger and quivering poisoned darts.
A kobold comes into view. It is wielding a +0 club. x2
There are monsters nearby!
The kobold shouts! x2
You hit the kobold brigand. Your grab misses the kobold brigand.
Your squeeze misses the kobold brigand.
The kobold brigand is lightly wounded.
You hear a bellow!
You hit the kobold brigand but do no damage.
You grab the kobold brigand.
The kobold brigand is lightly wounded.
You constrict the kobold brigand. The kobold brigand barely misses you.
You puncture the kobold brigand! You squeeze the kobold brigand.
The kobold brigand is heavily wounded.
You constrict the kobold brigand.
You hit the kobold brigand but do no damage.
You squeeze the kobold brigand!
The kobold brigand is almost dead.
You constrict the kobold brigand, but do no damage.
You hit the kobold brigand.
You kill the kobold brigand!
A yak comes into view.
Things that are here:
a +0 dagger; 3 poisoned darts The yak bellows!
You hit the kobold. You grab the kobold. Your squeeze misses the kobold.
The kobold is heavily wounded.
You constrict the kobold.
You kill the kobold!
A yak comes into view. x2
You see here a +0 club.
You closely miss the kobold. Your grab misses the kobold.
Your squeeze misses the kobold. The kobold closely misses you.
You hit the kobold. You grab the kobold. You squeeze the kobold.
You kill the kobold!
Luzuv points at the yak and mumbles some strange words.
The stone arrow hits the yak!
Things that are here:
a +0 club; 4 stones; a kobold corpse Luzuv gestures at the yak while chanting.
The stone arrow misses the yak.
You see here a +0 club.
You hit the yak but do no damage. Your squeeze misses the yak.
The yak is lightly wounded.
The yak gores you!
You are too injured to fight recklessly!
You swap places.
Luzuv closely misses the yak.
The yak gores Luzuv!
Things that are here:
a +0 dagger; 3 poisoned darts Luzuv hits the yak with a +0 quarterstaff.
The yak gores Luzuv.
Luzuv hits the yak with a +0 quarterstaff!
The yak closely misses Luzuv.
Luzuv barely misses the yak.
The yak gores Luzuv.
The yak snorts and paws the ground.
Luzuv hits the yak with a +0 quarterstaff!!
The yak dies!
Your Stealth skill increases to level 14!
Your Invocations skill increases to level 1!
Luzuv hits the yak but does no damage.
The yak gores Luzuv!!
Luzuv hits the yak with a +0 quarterstaff.
The yak misses Luzuv.
Luzuv points at the yak and mumbles some strange words.
The stone arrow misses the yak.
The yak gores Luzuv!
Luzuv is destroyed!
A yak is nearby!
You see here 3 stones.
There is a stone staircase leading up here.
You climb upwards.
There is a stone staircase leading down here.
There is a stone staircase leading up here.
You climb upwards.
There is a stone staircase leading down here.
There is a stone staircase leading up here.
You climb upwards.
Level annotation: 2 transporters, dogverified's ghost, novice DsSh
There is a stone staircase leading down, spattered with blood here.
HP restored.
Partly explored, unvisited transporter.
Partly explored, unvisited transporter.
Luzuv emerges from the mists of memory!
Partly explored, unvisited transporter.
Partly explored, unvisited transporter.
There is a stone staircase leading up here.
You climb upwards.
There is a stone staircase leading down here.
You see here a +0 club.
Things that are here:
a +0 halberd; a gnoll skeleton
Things that are here:
a +0 club; a gnoll skeleton You open the door.
A yak is nearby!
A yak is nearby!
A yak is nearby!
You hit the yak. You squeeze the yak.
The yak is lightly wounded.
The yak gores you!
You closely miss the yak. You squeeze the yak!
The yak is moderately wounded.
You hit the yak but do no damage.
The yak is moderately wounded.
Luzuv hits the yak with a +0 quarterstaff!!
The yak gores you.
You hit the yak. You squeeze the yak.
You kill the yak!
Your Fighting skill increases to level 2!
No target in view!
Magic restored.
HP restored.
There is an open door, spattered with blood here.
You see here a yak corpse.
There is an open door, spattered with blood here.
Things that are here:
a +0 chain mail; a +0 mace; an orc skeleton
There is an open door here.
You see here a hobgoblin skeleton.
There is an open door here.
K - a scroll labelled EMUARGH LOM WIE You open the door.
There is an open door here.
L - a +6 ring of dexterity You feel agile.
L - a +6 ring of dexterity (on tentacle)
H - a ring of positive energy (on tentacle)
You swap places.
There is an open door here.
There is an open door here.
There is an open door here.
You see here a hobgoblin skeleton.
There is an open door, spattered with blood here.
Things that are here:
a +0 chain mail; a +0 mace; an orc skeleton
There is an open door, spattered with blood here.
You see here a yak corpse.
Things that are here:
a +0 club; a gnoll skeleton
There is a stone staircase leading down here.
You climb downwards.
Level annotation: 2 transporters, dogverified's ghost, novice DsSh
There is a stone staircase leading up here.
You swap places.
There is a stone staircase leading down here.
You climb downwards.
There is a stone staircase leading up here.
You swap places.
There is an open door here.
There is a stone staircase leading down here.
You climb downwards.
There is a stone staircase leading up here.
Done exploring.
Done exploring.
You see here a +0 whip.
Things that are here:
a +0 scale mail; a +0 dagger; an orc skeleton
There is an open door here.
There is a stone staircase leading down here.
You climb downwards.
There is a stone staircase leading up here.
You swap places.
Maurice the Thief comes into view.
He is wielding a +0 short sword and carrying a wand of warping.
Maurice shouts!
Maurice is nearby!
Maurice is nearby!
Maurice is nearby!
You closely miss Maurice. You grab Maurice. You constrict Maurice.
Luzuv casts a spell at Maurice.
The puff of frost hits Maurice!
You hit Maurice. You squeeze Maurice!
Maurice is heavily wounded.
You constrict Maurice. You hit Maurice but do no damage. You squeeze Maurice.
Maurice is heavily wounded.
You constrict Maurice. Maurice hits you with a +0 short sword!
Maurice steals your beast talisman! Maurice bites you.
You feel your power leaking away. Maurice drains your magic.
Luzuv hits Maurice with a +0 quarterstaff!!
Maurice dies!
Your Invocations skill increases to level 2!
You now have 509 gold pieces (gained 13).
B - a wand of warping (10) (gained 6 charges)
b - a beast talisman
Things that are here:
a +0 short sword; a +1 cloak HP restored.
Magic restored.
s - 2 scrolls labelled NAGGUU SIUNO (gained 1)
A steam dragon comes into view.
A steam dragon is nearby!
A steam dragon is nearby!
A steam dragon is nearby!
Found 9 stones.
The helpless steam dragon fails to defend itself.
You spit the steam dragon like a pig!!!
You kill the steam dragon!
Your Dodging skill increases to level 4!
A water moccasin comes into view.
A water moccasin is nearby!
A water moccasin is nearby!
A water moccasin is nearby!
Luzuv gestures at the water moccasin while chanting.
The stone arrow hits the water moccasin!
You miss the water moccasin. Your grab misses the water moccasin.
The water moccasin is moderately wounded.
You closely miss the water moccasin. You grab the water moccasin.
The water moccasin is moderately wounded.
You constrict the water moccasin. The water moccasin closely misses you.
You hit the water moccasin but do no damage.
The water moccasin is heavily wounded.
You constrict the water moccasin. The water moccasin barely misses you.
Luzuv gestures at the water moccasin while chanting.
The stone arrow hits the water moccasin!
The water moccasin dies!
Your Fighting skill increases to level 3!
Your Invocations skill increases to level 3!
No target in view!
Found a rapier.
Found a ring mail.
You swap places.
You see here a +0 rapier.
You see here a +0 ring mail.
Found a stone staircase leading down.
There is a stone staircase leading down here.
Found a stone staircase leading up.
A bullfrog comes into view.
A bullfrog is nearby!
Luzuv points at the bullfrog and mumbles some strange words.
The puff of frost hits the bullfrog!
The bullfrog completely misses you.
You hit the bullfrog. Your grab misses the bullfrog.
The bullfrog is heavily wounded.
You closely miss the bullfrog. Your grab misses the bullfrog.
You squeeze the bullfrog!
The bullfrog is almost dead.
The bullfrog barely misses you.
You hit the bullfrog.
You kill the bullfrog!
You see here a +0 ring mail.
You can now heal and protect your ancestor.
You swap places.
A two-headed ogre comes into view.
It is wielding a +0 giant club and a +0 giant spiked club.
A two-headed ogre is nearby!
The two-headed ogre shouts in stereo!
The two-headed ogre barely misses you. x2
You hit the two-headed ogre. You squeeze the two-headed ogre!
The two-headed ogre is moderately wounded.
Luzuv casts a spell at the two-headed ogre.
The puff of frost misses the two-headed ogre.
You hit the two-headed ogre.
The two-headed ogre is moderately wounded.
The two-headed ogre hits you with a +0 giant club!!
Ouch! That really hurt!
* * * LOW HITPOINT WARNING * * *
The two-headed ogre hits you with a +0 giant spiked club!!
Ouch! That really hurt!
You die...
Hepliaklqana delivers you to your ancestors.

######.##
#.......###
######.####.....
#......# ##.... ###
#.###..#########
... #.# #..........
#.###.####.########
#..........#
#..hR#####.# #.O..#
#.# #.....# #.#
........# #.#
.........# #.#
####.#.... ...
....### ## ##.#.


You could see the friendly Luzuv the battlemage and a two-headed ogre (ally
target).

Vanquished Creatures
  A yak (D:4)
  2 steam dragons
  A water moccasin (D:5)
  2 ice beasts
  A black bear (D:5)
  An ogre (D:4)
  A kobold brigand (D:8)
  A bullfrog (D:8)
  A scorpion (D:7)
  A howler monkey (D:5)
  3 bombardier beetles
  An orc priest (D:4)
  2 hounds
  Jessica (D:2)
  3 iguanas
  An orc wizard (D:5)
  5 adders
  8 gnolls
  A shadow imp (D:6)
  5 dart slugs
  3 ribbon worms
  7 orcs
  8 endoplasms
  A giant cockroach (D:1)
  5 goblins
  12 hobgoblins
  3 jackals
  12 kobolds
  7 quokkas
  6 ball pythons
  4 bats
  6 frilled lizards
  5 rats
121 creatures vanquished.

Vanquished Creatures (collateral kills)
  Maurice (D:8)
  A yak (D:8)
  A water moccasin (D:8)
  A sky beast (D:6)
  2 ogres (D:5)
  3 scorpions
  A bombardier beetle (D:4)
  A jelly (D:5)
  3 orc priests
  6 orc wizards
  6 gnolls
  2 adders (D:5)
  A shadow imp (D:5)
  A dart slug (D:5)
  16 orcs
  A kobold (D:4)
  A goblin (D:4)
48 creatures vanquished.

Vanquished Creatures (others)
  A yak (D:8)
  An ancestor (D:4)
  2 battlemagi
4 creatures vanquished.

Grand Total: 173 creatures vanquished

Notes
Turn   | Place    | Note
-------+----------+-------------------------------------------
     0 | D:1      | sleeves the Octopode Shapeshifter began the quest for the
                  | Orb.
     0 | D:1      | Reached XP level 1. HP: 13/13 MP: 1/1
    97 | D:1      | Reached skill level 1 in Stealth
   129 | D:1      | Reached XP level 2. HP: 18/18 MP: 2/2
   276 | D:1      | Reached skill level 2 in Stealth
   479 | D:1      | Reached XP level 3. HP: 23/23 MP: 3/3
   727 | D:2      | Reached skill level 1 in Short Blades
   776 | D:2      | Noticed Jessica
   783 | D:2      | Killed Jessica
   784 | D:2      | Reached skill level 3 in Dodging
   784 | D:2      | Reached skill level 3 in Stealth
   784 | D:2      | Reached XP level 4. HP: 23/28 MP: 4/4
   806 | D:2      | Got Jessica's Volume of the Singularity
  1439 | D:3      | Found a snail-covered altar of Cheibriados.
  1459 | D:3      | Found a faded altar of an unknown god.
  1541 | D:3      | Reached skill level 2 in Short Blades
  1778 | D:3      | Reached skill level 4 in Stealth
  1778 | D:3      | Reached XP level 5. HP: 27/33 MP: 5/5
  1981 | D:3      | Found a glowing silver altar of Zin.
  1984 | D:3      | Found a hazy altar of Hepliaklqana.
  2000 | D:3      | Became a worshipper of Hepliaklqana the Forgotten
  2136 | D:3      | Found a hide-covered altar of Uskayaw.
  2364 | D:4      | Noticed an ogre
  2524 | D:4      | Reached * piety under Hepliaklqana
  2531 | D:4      | Reached skill level 3 in Short Blades
  2544 | D:4      | Reached skill level 5 in Stealth
  2562 | D:4      | Noticed a yak
  2572 | D:4      | Reached XP level 6. HP: 31/34 MP: 6/6
  2575 | D:4      | HP: 2/34 [gnoll/+0 halberd (17)]
  3081 | D:4      | Reached skill level 6 in Stealth
  3094 | D:4      | HP: 11/34 [orc priest/divine providence (11)]
  3096 | D:4      | Reached skill level 4 in Short Blades
  3442 | D:4      | Reached XP level 7. HP: 38/38 MP: 7/7
  3716 | D:5      | Entered Level 5 of the Dungeon
  3727 | D:5      | Found a transporter.
  3731 | D:5      | Found a transporter.
  3732 | D:5      | Noticed dogverified's ghost (novice DsSh)
  3751 | D:5      | Reached skill level 7 in Stealth
  3766 | D:5      | Reached skill level 5 in Short Blades
  3816 | D:5      | Reached ** piety under Hepliaklqana
  3817 | D:5      | Remembered your ancestor Luzuv as a battlemage
  3931 | D:5      | Reached skill level 8 in Stealth
  4053 | D:5      | Reached XP level 8. HP: 39/43 MP: 8/8
  4091 | D:5      | Reached skill level 6 in Short Blades
  4112 | D:5      | Reached skill level 9 in Stealth
  4391 | D:5      | Reached skill level 10 in Stealth
  4675 | D:6      | Reached skill level 11 in Stealth
  4838 | D:5      | Reached skill level 12 in Stealth
  5113 | D:6      | Reached *** piety under Hepliaklqana
  5175 | D:6      | Found a staircase to the Ecumenical Temple.
  5280 | D:6      | Reached XP level 9. HP: 41/47 MP: 9/9
  5338 | D:7      | Reached skill level 13 in Stealth
  5458 | D:7      | Found a broken altar of Ashenzari.
  5828 | D:7      | Found Kenoixt's Antique Weapon Boutique.
  6157 | D:8      | Reached skill level 14 in Stealth
  6157 | D:8      | Reached skill level 1 in Invocations
  6294 | D:4      | Reached skill level 2 in Fighting
  6482 | D:8      | Noticed Maurice
  6485 | D:8      | Maurice stole a beast talisman
  6485 | D:8      | Killed Maurice
  6486 | D:8      | Reached skill level 2 in Invocations
  6540 | D:8      | Reached skill level 4 in Dodging
  6559 | D:8      | Reached skill level 3 in Fighting
  6559 | D:8      | Reached skill level 3 in Invocations
  6701 | D:8      | Reached **** piety under Hepliaklqana
  6732 | D:8      | Noticed a two-headed ogre
  6738 | D:8      | HP: 21/50 [two-headed ogre/+0 giant club (29)]
  6738 | D:8      | Slain by a two-headed ogre

Illustrated notes

Levels and vault maps discovered:
D:1:      dpeg_arrival_tiny_e, layout_loops_ring
D:2:      layout_loops_ring, kennysheep_jessica_study
D:3:      layout_loops_ring, slow_altar_1, nicolae_uskayaw_suspiria,
          nicolae_overflow_squiral, dreamdust_ecumenical_altar_statues,
          kennysheep_small_spiral, minmay_misc_feat_x, patterned_corridor
D:4:      minmay_clustersquares, layout_basic, serial_forest,
          infiniplex_forest_lined_2, infiniplex_forest_end_3,
          infiniplex_forest_straight_3, infiniplex_forest_clump_medium,
          infiniplex_forest_corner_1, infiniplex_forest_end_3,
          infiniplex_forest_lined_2, grunt_ministairs_9
D:5:      minmay_recursive_quarters, layout_loops_ring, gammafunk_ghost_hive,
          grunt_decor_resistance, minivault_19
D:6:      layout_basic, minmay_temple_entry_hall
D:7:      layout_basic, nicolae_ashenzari_skybound, serial_shops,
          nicolae_shop_hallway_stairs, serial_curves, eino_curves_01,
          eino_curves_01, chequers_serial_rivers_room_a
D:8:      layout_loops_ring, nicolae_take_the_stairs, st_stairs_7,
          lemuel_flame_loot_1, uniq_maurice

Skill      XL: |  1  2  3  4  5  6  7  8  9 |
---------------+----------------------------+-----
Stealth        | 1 2 3 4 5 6 8 12 14 | 14.4
Short Blades   | 1 2 3 4 5 6 |  6.0
Dodging        | 3 4 |  4.2
Invocations    | 3 |  3.1
Fighting       | 3 |  3.1
Unarmed Combat | |  3.0
Shapeshifting  | |  3.0

Action                     |  1- 3 |  4- 6 |  7- 9 || total
---------------------------+-------+-------+-------++-------
  Melee: Unarmed           |    40 |    91 |       ||   131
         Constrict         |    13 |    30 |    30 ||    73
         Tentacles         |    10 |    17 |    30 ||    57
         Punch             |     1 |     1 |       ||     2
         Dagger            |       |     1 |       ||     1
         Short sword       |       |       |   113 ||   113
  Throw: Dart              |       |       |     1 ||     1
 Invoke: Ancestor Life: Ba |       |       |     1 ||     1
         Recall Ancestor   |       |       |     3 ||     3
  Evoke: Wand              |       |       |     2 ||     2
   Stab: Sleeping          |    10 |    17 |    10 ||    37
 Armour: Skin              |    10 |    31 |    34 ||    75
  Dodge: Dodged            |    14 |    34 |    38 ||    86

Table legend: (Time is in decaauts)
 A = Elapsed time spent in this place.
 B = Non-inter-level travel time spent in this place.
 C = Inter-level travel time spent in this place.
 D = Time resting spent in this place.
 E = Time spent auto-exploring this place.
 F = Levels seen in this place.
 G = Mean time per level.
                   A        B        C        D        E       F      G
               +--------+--------+--------+--------+--------+-----+--------+
         Total |   6674 |   6093 |    581 |    200 |   4818 |   8 |  834.2 |
       Dungeon |   6674 |   6093 |    581 |    200 |   4818 |   8 |  834.2 |
               +--------+--------+--------+--------+--------+-----+--------+

Top non-repeatable levels by time:
     D:4: 1426 daAuts
     D:5: 1031 daAuts
     D:3: 1015 daAuts
     D:7: 830 daAuts
     D:2: 720 daAuts
     D:1: 718 daAuts
     D:6: 635 daAuts
     D:8: 296 daAuts
